 Dungeon Crawl Stone Soup version 0.30-a0-535-g2c0b3469a7 (webtiles) character file.

Game seed: 2755568681531007051

18 M4edhros the Ducker (level 2, -1/21 HPs)
             Began as an Octopode Fighter on Dec 25, 2022.
             Slain by an adder (4 damage)
             ... on level 2 of the Dungeon.
             The game lasted 00:00:20 (230 turns).

M4edhros the Ducker (Octopode Fighter)               Turns: 230, Time: 00:00:21

Health: -1/21      AC:  1    Str: 12 (15) XL:     2   Next: 70%
Magic:  2/2        EV: 13    Int:  9 (10) God:
Gold:   0          SH:  4    Dex: 10 (11) Spells: 1/1 levels left

rFire   . . .      SeeInvis .    a - +0 trident
rCold   . . .      Faith    .    b - +0 buckler
rNeg    . . .      Spirit   .    (helmet restricted)
rPois   .          Reflect  .    (no amulet)
rElec   .          Harm     .    (no ring)
rCorr   .          Rampage  .    (no ring)
Will    .....                    (no ring)
Stlth   ++                       (no ring)
HPRegen 0.23/turn                (no ring)
MPRegen 0.08/turn                (no ring)
                                 (no ring)
                                 (no ring)

@: lethally poisoned (-1 -> -3), flying
A: almost no armour, amphibious, 8 rings, camouflage 1, gelatinous body 1,
(nimble swimmer 1), tentacles
a: no special abilities


You were on level 2 of the Dungeon.
You visited 1 branch of the dungeon, and saw 2 of its levels.

Inventory:

Hand Weapons
 a - a +0 trident (weapon)
Armour
 b - a +0 buckler (worn)
Scrolls
 e - a scroll of silence {unknown}
 f - 3 scrolls of noise {unknown}
Potions
 c - a potion of might


   Skills:
 - Level 3.0 Fighting
 + Level 2.4 Polearms
 + Level 3.3 Dodging
 + Level 3.3 Shields


You had one spell level left.
You didn't know any spells.
Your spell library was empty.

Dungeon Overview and Level Annotations

Branches:
Dungeon (2/15)

Altars:


Innate Abilities, Weirdness & Mutations

You cannot wear most types of armour.
You are amphibious.
You can wear up to eight rings at the same time.
Your skin changes colour to match your surroundings (Stealth+).
Your rubbery body absorbs attacks. (AC +1, EV +1)
((You are camouflaged when in or above water. (Stealth+)))
You have tentacles for arms and can constrict up to eight enemies at once.


Message History

The adder hisses angrily.
The frilled lizard hisses angrily.
You block the adder's attack.
You barely miss the adder. Your grab misses the adder.
The adder is lightly wounded.
The adder barely misses you. You block the adder's attack.
You barely miss the adder. Your grab misses the adder.
Your squeeze misses the adder.
The adder is lightly wounded.
The adder misses you. The adder bites you but does no damage.
The adder closely misses you. The ball python misses you.
The ball python grabs you. The ball python constricts you.
You puncture the ball python!
You kill the ball python!
The adder misses you. The adder bites you.
You are poisoned.
The adder poisons you! The adder bites you. The adder barely misses you.
You barely miss the adder. Your grab misses the adder. You squeeze the adder.
The adder is heavily wounded.
You feel sick. The frilled lizard misses you. The hobgoblin hits you.
The adder barely misses you. The adder bites you.
You are more poisoned.
The adder poisons you! The frilled lizard misses you.
The hobgoblin barely misses you.
You are too injured to fight recklessly!
Okay, then.
The adder attacks as you move away! The adder barely misses you.
You feel sick. You block the adder's attack.
* * * LOW HITPOINT WARNING * * *
You feel sick. You block the adder's attack. The adder barely misses you.
You feel sick.
Okay, then.
You feel sick.
It was a potion of degeneration.
There was something very wrong with that liquid.
You feel weakened.
You feel dopey.
You feel clumsy.
You feel sick. You block the adder's attack. The adder barely misses you.
It was a potion of flight.
You feel very buoyant.
You fly up into the air.
You feel sick. The adder bites you.
You die...

# ###.# ..
#.#...###.####
............#
.........#.# ###
#.#........# . #..
#.#.g......# .. #.#
#.#Sl......# #. # #.#
#.#S##.†...# #..#.#..
#.#@##.....#
#....#.###.#..#<....#
#...........#.....#
##.#.###.####.....#
#..<#... ........
#....########...###
#..... #♣♣...# .P...


You could see 2 adders, a hobgoblin and a frilled lizard.

Vanquished Creatures
  A dart slug (D:1)
  An endoplasm (D:1)
  A giant cockroach (D:1)
  5 hobgoblins (D:1)
  3 ball pythons
  2 bats
  A frilled lizard (D:1)
  A kobold (D:1)
  A rat (D:1)
16 creatures vanquished.

Notes
Turn   | Place    | Note
-------+----------+-------------------------------------------
     0 | D:1      | M4edhros the Octopode Fighter began the quest for the Orb.
     0 | D:1      | Reached XP level 1. HP: 16/16 MP: 1/1
    45 | D:1      | Reached XP level 2. HP: 21/21 MP: 2/2
   230 | D:2      | Slain by an adder

Illustrated notes

Levels and vault maps discovered:
D:1:      nicolae_arrival_somewhat_less_tricky_arrival, layout_loops_cross
D:2:      layout_basic, basic_altar, serial_forest,
          infiniplex_forest_straight_5, infiniplex_forest_clump_cross,
          infiniplex_forest_lined_room_2, infiniplex_forest_clump_tiny,
          infiniplex_forest_clump_diagonal, infiniplex_forest_join,
          infiniplex_forest_end_3, infiniplex_forest_clump_curved, uniq_natasha

Action                   || total
-------------------------++-------
Melee: Trident           ||    35
       Constrict         ||     7
       Tentacles         ||     5
  Use: Potion            ||     2
 Stab: Sleeping          ||     4
Armor: Skin              ||     4
Dodge: Dodged            ||    20
Block: Buckler           ||     8

Table legend: (Time is in decaauts)
 A = Elapsed time spent in this place.
 B = Non-inter-level travel time spent in this place.
 C = Inter-level travel time spent in this place.
 D = Time resting spent in this place.
 E = Time spent auto-exploring this place.
 F = Levels seen in this place.
 G = Mean time per level.
                   A        B        C        D        E       F      G
               +--------+--------+--------+--------+--------+-----+--------+
         Total |    237 |    226 |     11 |      0 |    141 |   2 |  118.5 |
       Dungeon |    237 |    226 |     11 |      0 |    141 |   2 |  118.5 |
               +--------+--------+--------+--------+--------+-----+--------+

Top non-repeatable levels by time:
     D:1: 205 daAuts
     D:2: 31 daAuts
